 Dungeon Crawl Stone Soup version 0.30-a0-652-gcc886f7154 (webtiles) character file.

Game seed: 404013633750795592

624 bmack86 the Chopper (level 7, 0/61 HPs)
             Began as a Minotaur Fighter on Jan 18, 2023.
             Slain by a kobold brigand
             ... wielding a +0 club
              (1 damage)
             ... on level 4 of the Dungeon.
             The game lasted 00:06:24 (2882 turns).

bmack86 the Chopper (Minotaur Fighter)              Turns: 2882, Time: 00:06:25

Health: 0/61       AC:  7    Str: 22    XL:     7   Next: 22%
Magic:  0/6        EV:  9    Int:  5    God:
Gold:   169        SH:  5    Dex: 10    Spells: 6/6 levels left

rFire   . . .      SeeInvis .    a - +0 war axe
rCold   . . .      Faith    .    c - +0 buckler
rNeg    . . .      Spirit   +    b - +0 scale mail
rPois   .          Reflect  .    (helmet restricted)
rElec   .          Harm     .    (no cloak)
rCorr   .          Rampage  .    (no gloves)
Will    .....                    (no boots) Stlth
                                 f - amulet of guardian spirit
HPRegen 0.30/turn                (no ring)
MPRegen 0.10/turn                (no ring)

@: no status effects
A: horns 2, retaliatory headbutt
a: no special abilities


You were on level 4 of the Dungeon.
You visited 1 branch of the dungeon, and saw 4 of its levels.

You collected 169 gold pieces.

Inventory:

Hand Weapons
 a - a +0 war axe (weapon)
Missiles
 m - 4 throwing nets
 w - 4 boomerangs (quivered)
Armour
 b - a +0 scale mail (worn)
 c - a +0 buckler (worn)
Jewellery
 f - an amulet of guardian spirit (around neck)
 o - a ring of wizardry
 p - a ring of ice
 s - an amulet of regeneration
Wands
 n - a wand of charming (4)
Scrolls
 i - a scroll of enchant weapon {unknown}
 k - a scroll of enchant armour {unknown}
 l - a scroll of torment {unknown}
 q - a scroll of magic mapping
 t - a scroll of fear {unknown}
 u - a scroll of summoning {unknown}
Potions
 d - a potion of might
 h - 3 potions of heal wounds
 j - 2 potions of magic {unknown}
 r - a potion of curing {unknown}
 v - a potion of attraction {unknown}


   Skills:
 + Level 5.3 Fighting
 * Level 6.1 Axes
 + Level 2.1 Throwing
 + Level 5.3 Armour
 + Level 5.3 Shields


You had 6 spell levels left.
You didn't know any spells.
Your spell library contained the following spells:

 Spells                   Type           Power      Damage    Failure   Level
 Lesser Beckoning         Tloc           0%         N/A       95%         2
 Gell's Gravitas          Tloc           0%         N/A       99%         3
 Teleport Other           Tloc           0%         N/A       99%         3


Dungeon Overview and Level Annotations

Branches:
Dungeon (4/15)
 Temple: D:4-7

Altars:
Qazlal
Ru
Yredelemnul

Shops:
D:2 !   D:3 :

Annotations:
D:3 4 runed translucent doors, Crazy Yiuf; mampy3000's ghost, weakling MiBe


Innate Abilities, Weirdness & Mutations

You have a pair of horns on your head.
You reflexively headbutt those who attack you in melee.


Message History

You have reached level 7!
The kobold brigand shouts!
You see here a hound corpse.
The ogre hits you with a +0 giant spiked club.
You slash the ogre! You headbutt the ogre.
The ogre is heavily wounded.
The ogre hits you with a +0 giant spiked club!
You slash the ogre!
The ogre is almost dead.
You barely miss the ogre.
The ogre is almost dead.
You hit the kobold brigand but do no damage.
The kobold brigand hits you but does no damage.
The ogre hits you with a +0 giant spiked club!!
* * * LOW HITPOINT WARNING * * *
The kobold brigand hits you with a +0 club.
* * * LOW HITPOINT WARNING * * *
You slash the ogre!
You kill the ogre!
You hit the kobold brigand.
A centaur comes into view.
The kobold brigand hits you with a +0 club!
* * * LOW HITPOINT WARNING * * *
The centaur moves out of view.
Your Axes skill increases to level 6!
The kobold brigand hits you but does no damage.
Things that are here:
a +0 giant spiked club; an ogre corpse You barely miss the kobold brigand.
Your headbutt misses the kobold brigand.
The kobold brigand is lightly wounded.
You block the kobold brigand's attack.
You closely miss the kobold brigand.
The kobold brigand is lightly wounded.
The kobold brigand hits you with a +0 club!
* * * LOW HITPOINT WARNING * * *
You closely miss the kobold brigand.
The kobold brigand is lightly wounded.
The kobold brigand hits you with a +0 club.
You die...

#.........##.#[#.#.#.*,*****
#..........#.#.#,..#,,,,*
#..........#.#.#******,,*
######'#<#.#.#.# *,,,,,,*
******** #.###+#...# *,***,**
,,,,,,,* #.........# *,* *,*
,,,,,,,* #.......#,* *,* *,*
,,,,,,,* #.##.†..#,***,* *,*
,,,,,,,* *#.##..@K#,,,*,* *,*
,,,,,,,***..##....#,*,*,***,*
,,,,,,,**..###......*,,,,,,,*
,,,,,,,*#.#* ##..#.#.#,*,*,**
,,,,,,,*..** #...##,#*,,,,*
,,,,,,,...,***#.###,,,***,**
,,,,,,>,,,,,,,...,**,**,,,*
,,,,**,*,,,,,,..,*,*,*,*,**
,,,,**,*,,,,,,,,,,,*,*,,,*


You could see a kobold brigand.

Vanquished Creatures
  Grinder (D:3)
  An ogre (D:4)
  A phantom (D:3)
  A scorpion (D:4)
  A hound (D:4)
  Jessica (D:3)
  Ijyb (D:3)
  4 gnolls
  2 adders
  2 worms
  A dart slug (D:1)
  4 orcs (D:3)
  13 ball pythons
  3 bats
  7 endoplasms
  2 giant cockroaches
  5 goblins
  A hobgoblin (D:3)
  6 jackals
  2 quokkas
  2 frilled lizards (D:2)
  9 kobolds
  8 rats
78 creatures vanquished.

Notes
Turn   | Place    | Note
-------+----------+-------------------------------------------
     0 | D:1      | bmack86 the Minotaur Fighter began the quest for the Orb.
     0 | D:1      | Reached XP level 1. HP: 19/19 MP: 0/0
   192 | D:1      | Reached XP level 2. HP: 27/27 MP: 1/1
   210 | D:1      | Reached skill level 3 in Axes
   256 | D:1      | Found a faded altar of an unknown god.
   266 | D:1      | Reached XP level 3. HP: 27/33 MP: 2/2
  1103 | D:2      | Found Gueff's Distillery.
  1206 | D:2      | Reached XP level 4. HP: 40/40 MP: 3/3
  1750 | D:3      | Noticed Ijyb
  1754 | D:3      | Noticed Jessica
  1769 | D:3      | Killed Jessica
  1770 | D:3      | Reached skill level 4 in Axes
  1775 | D:3      | Killed Ijyb
  1792 | D:3      | Found a runed translucent gate.
  1792 | D:3      | Found a runed translucent gate.
  1794 | D:3      | Found a runed translucent gate.
  1797 | D:3      | Noticed mampy3000's ghost (weakling MiBe)
  1813 | D:3      | Found a basalt altar of Yredelemnul.
  1891 | D:3      | Reached XP level 5. HP: 43/47 MP: 2/4
  1949 | D:3      | Found a stormy altar of Qazlal.
  1987 | D:3      | Found a sacrificial altar of Ru.
  1988 | D:3      | Noticed a phantom
  2003 | D:3      | Killed a phantom
  2100 | D:3      | Noticed Grinder
  2117 | D:3      | Killed Grinder
  2118 | D:3      | Reached skill level 5 in Fighting
  2118 | D:3      | Reached skill level 5 in Axes
  2118 | D:3      | Reached skill level 1 in Throwing
  2118 | D:3      | Reached skill level 5 in Armour
  2118 | D:3      | Reached skill level 5 in Shields
  2118 | D:3      | Reached XP level 6. HP: 22/56 MP: 2/5
  2360 | D:3      | Found Wierch's Book Shoppe.
  2514 | D:3      | Found a runed translucent door.
  2515 | D:3      | Noticed Crazy Yiuf
  2873 | D:4      | Reached XP level 7. HP: 48/61 MP: 6/6
  2879 | D:4      | Reached skill level 6 in Axes
  2881 | D:4      | HP: 1/61 [kobold brigand/+0 club (8)]
  2882 | D:4      | Slain by a kobold brigand

Illustrated notes

Levels and vault maps discovered:
D:1:      sevenhm_arrival_forest_fort_large_2, layout_rooms,
          hellmonk_ecumenical_altar_dog_temple
D:2:      layout_basic, serial_shops, nicolae_shop_advertising_works
          [nicolae_subvault_shop_adworks], roderic_lattice_a, st_stairs_6
D:3:      layout_loops_ring, grunt_qazlal_sundering, amcnicky_altar_gilded,
          hangedman_ru_absence, ebering_ghost_rock_garden, serial_shops, shop,
          uniq_crazy_yiuf_cottage, uniq_grinder, uniq_ijyb, uniq_jessica
D:4:      layout_basic, abandoned_shop, minmay_manual_monstrance

Skill      XL: |  1  2  3  4  5  6  7 |
---------------+----------------------+-----
Axes           | 3 4 5 6 |  6.1
Shields        | 4 5 |  5.3
Armour         | 4 5 |  5.3
Fighting       | 4 5 |  5.3
Throwing       | 1 2 |  2.1

Action                   |  1- 3 |  4- 6 |  7- 9 || total
-------------------------+-------+-------+-------++-------
Melee: War axe           |    84 |    93 |     7 ||   184
       Headbutt          |    12 |    11 |     1 ||    24
Throw: Throwing net      |       |     2 |       ||     2
  Use: Scroll            |     1 |     3 |       ||     4
Armor: Scale mail        |    56 |    48 |     2 ||   106
Dodge: Dodged            |    45 |    42 |       ||    87
Block: Buckler           |    32 |    20 |     1 ||    53

Table legend: (Time is in decaauts)
 A = Elapsed time spent in this place.
 B = Non-inter-level travel time spent in this place.
 C = Inter-level travel time spent in this place.
 D = Time resting spent in this place.
 E = Time spent auto-exploring this place.
 F = Levels seen in this place.
 G = Mean time per level.
                   A        B        C        D        E       F      G
               +--------+--------+--------+--------+--------+-----+--------+
         Total |   2941 |   2822 |    119 |      0 |   2005 |   4 |  735.2 |
       Dungeon |   2941 |   2822 |    119 |      0 |   2005 |   4 |  735.2 |
               +--------+--------+--------+--------+--------+-----+--------+

Top non-repeatable levels by time:
     D:2: 1066 daAuts
     D:3: 1059 daAuts
     D:1: 717 daAuts
     D:4: 98 daAuts
